 Dungeon Crawl Stone Soup version 0.26-a0-812-g31a745ddcd (webtiles) character file.

Game seed: 17277576768170633877

107 Lanoc the Stinger (level 4, -1/30 HPs)
             Began as a Barachi Venom Mage on Dec 9, 2020.
             Was an Initiate of Yredelemnul.
             Slain by a water moccasin skeleton (3 damage)
             ... on level 4 of the Dungeon.
             The game lasted 00:02:22 (2325 turns).

Lanoc the Stinger (Barachi Venom Mage)              Turns: 2325, Time: 00:02:23

Health: -1/30      AC:  2    Str: 10    XL:     4   Next: 85%
Magic:  7/7        EV: 12    Int: 16    God:    Yredelemnul [......]
Gold:   134        SH:  3    Dex: 12    Spells: 6/7 levels left

rFire    . . .     SeeInvis .   (no weapon)
rCold    . . .     Faith    .   e - +0 buckler
rNeg     . . .     Spirit   .   a - +0 robe
rPois    .         Reflect  .   (no helmet)
rElec    .         Harm     .   (no cloak)
rCorr    .         Rampage  .   (no gloves)
MR       .....                  (no boots)
Stlth    ++........             (no amulet)
HPRegen  0.10/turn              (no ring)
MPRegen  0.10/turn              (no ring)

@: slow
A: +LOS, swims, slowness 1, strong legs 1
a: Hop, Renounce Religion


You were on level 4 of the Dungeon.
You worshipped Yredelemnul.
Yredelemnul was noncommittal.
You visited 1 branch of the dungeon, and saw 4 of its levels.

You collected 134 gold pieces.

Inventory:

Armour
 a - a +0 robe (worn)
 e - a +0 buckler (worn)
Scrolls
 c - 3 scrolls of remove curse {unknown}
 f - 2 scrolls of identify {unknown}
 g - 2 scrolls of noise {unknown}
 i - a scroll of enchant weapon {unknown}
 k - a scroll of immolation {unknown}
 l - a scroll of magic mapping {unknown}
Potions
 b - a potion of flight {unknown}
 d - a potion of magic {unknown}
 h - 3 potions of curing {unknown}
 j - 2 potions of brilliance {unknown}


   Skills:
 + Level 3.1 Dodging
 - Level 1.7 Stealth
 + Level 1.0 Shields
 - Level 2.1 Spellcasting
 - Level 1.1 Transmutations
 * Level 4.6 Poison Magic
 * Level 1.8 Invocations


You had 6 spell levels left.
You knew the following spells:

 Your Spells              Type           Power        Failure   Level
a - Sting                 Tmut/Pois      ##..         10%         1

Your spell library contained the following spells:

 Spells                   Type           Power        Failure   Level
 Poisonous Vapours        Pois/Air       #.....       17%         2
 Ignite Poison            Fire/Tmut/Pois #.......     38%         3
 Olgreb's Toxic Radiance  Pois           ###.....     41%         4
 Mephitic Cloud           Conj/Pois/Air  #.......     43%         3


Dungeon Overview and Level Annotations

Branches:
Dungeon (4/15)
 Temple: D:4-7

Altars:
Kikubaaqudgha
Yredelemnul


Innate Abilities, Weirdness & Mutations

You can be seen from farther away. (+LOS)
You can swim through water.
You cover ground slowly.
You can hop short distances.


Message History

You are too injured to fight recklessly!
You are too injured to fight recklessly!
You are too injured to fight recklessly!
You hit the water moccasin skeleton but do no damage.
The water moccasin skeleton is moderately damaged.
The water moccasin skeleton closely misses you.
You barely miss the water moccasin skeleton.
The water moccasin skeleton is moderately damaged.
The water moccasin skeleton bites you.
* * * LOW HITPOINT WARNING * * *
You hit the water moccasin skeleton.
The water moccasin skeleton is moderately damaged.
The water moccasin skeleton bites you.
* * * LOW HITPOINT WARNING * * *
You closely miss the water moccasin skeleton.
The water moccasin skeleton is moderately damaged.
The water moccasin skeleton closely misses you.
The water moccasin skeleton bites you.
You die...
Your body rises from the dead as a mindless zombie.

...........#
##.#####..## ##
...# ..... .# >..#
.##.###.# ## ...#
.# ....# . ...#
... .# .# ...#
#.#####.##.#..#
#..#
#...........$.#..
##.## #.
#...@Z.......
##..## #.#
#.#..........
.....#
##.###.######.....
###..# #......#
..## ##.# #......#
# #.# #......#
####.###......#
#.....##......#
#.....##......#


You could see a water moccasin skeleton.

Vanquished Creatures
  A scorpion (D:4)
  2 adders
  A worm (D:3)
  A leopard gecko (D:3)
  An orc (D:4)
  5 bats
  3 giant cockroaches
  4 hobgoblins
  3 jackals (D:3)
  6 kobolds
  2 quokkas (D:2)
  2 frilled lizards
  A goblin (D:2)
  3 rats (D:2)
35 creatures vanquished.

Vanquished Creatures (others)
  A plant (D:3)
  A withered plant (D:3)
2 creatures vanquished.

Grand Total: 37 creatures vanquished

Notes
Turn   | Place    | Note
-------+----------+-------------------------------------------
     0 | D:1      | Lanoc the Barachi Venom Mage began the quest for the Orb.
     0 | D:1      | Reached XP level 1. HP: 13/13 MP: 3/3
   259 | D:2      | Found a basalt altar of Yredelemnul.
   266 | D:2      | Reached XP level 2. HP: 13/19 MP: 0/5
   365 | D:2      | Became a worshipper of Yredelemnul the Dark
   714 | D:3      | Reached skill level 4 in Poison Magic
   714 | D:3      | Reached skill level 1 in Invocations
   714 | D:3      | Reached XP level 3. HP: 13/24 MP: 0/6
  1254 | D:3      | Found an ancient bone altar of Kikubaaqudgha.
  1447 | D:3      | Found a faded altar of an unknown god.
  1906 | D:4      | Reached XP level 4. HP: 30/30 MP: 0/7
  2120 | D:4      | Reached skill level 1 in Shields
  2325 | D:4      | Slain by a water moccasin skeleton

Illustrated notes

Levels and vault maps discovered:
D:1:      dpeg_arrival_round_b, layout_loops_ring
D:2:      layout_basic, lemuel_round_altar, nicolae_overflow_crystal_walls
D:3:      layout_basic, kiku_gazebo_garden_becter,
          chequers_ecumenical_altar_lobes
D:4:      layout_basic

Skill      XL: |  1  2  3  4 |
---------------+-------------+-----
Poison Magic   | 4 |  4.6
Invocations    | 1 |  1.8
Dodging        | 3 |  3.1
Shields        | 1 |  1.0
Stealth        | |  1.7
Spellcasting   | |  2.1
Transmutations | |  1.1

Action                   |  1- 3 |  4- 6 || total
-------------------------+-------+-------++-------
Melee: Unarmed           |    36 |    14 ||    50
 Cast: Sting             |    68 |     6 ||    74
Armor: Robe              |    20 |       ||    20
Dodge: Dodged            |    63 |     8 ||    71
Block: Buckler           |     3 |     3 ||     6

Table legend: (Time is in decaauts)
 A = Elapsed time spent in this place.
 B = Non-inter-level travel time spent in this place.
 C = Inter-level travel time spent in this place.
 D = Time resting spent in this place.
 E = Time spent auto-exploring this place.
 F = Levels seen in this place.
 G = Mean time per level.
                   A        B        C        D        E       F      G
               +--------+--------+--------+--------+--------+-----+--------+
         Total |   2533 |   2431 |    102 |     10 |   2106 |   4 |  633.2 |
       Dungeon |   2533 |   2431 |    102 |     10 |   2106 |   4 |  633.2 |
               +--------+--------+--------+--------+--------+-----+--------+

Top non-repeatable levels by time:
     D:3: 1319 daAuts
     D:2: 498 daAuts
     D:4: 470 daAuts
     D:1: 245 daAuts
